 Dungeon Sprint DCSS version 0.27.1-33-g824d729ab1 (webtiles) character file.

Game seed: 7330578946799529115

980 Adenis the Covert (level 8, -14/102 HPs)
             Began as a Gnoll Brigand on Dec 4, 2021.
             Was an Initiate of Dithmenos.
             Demolished by a deep troll (25 damage)
             ... in the Dungeon (Sprint I: "Red Sonja").
             The game lasted 00:01:38 (410 turns).

Adenis the Covert (Gnoll Brigand)                    Turns: 410, Time: 00:01:39

Health: -14/102    AC:  3    Str: 10    XL:     8   Next: 17%
Magic:  16/17      EV: 16    Int: 10    God:    Dithmenos [......]
Gold:   414        SH:  0    Dex: 17    Spells: 19/19 levels left

rFire    . . .     SeeInvis .   m - +1 short sword (drain)
rCold    . . .     Faith    .   (no shield)
rNeg     . . .     Spirit   .   b - +0 robe
rPois    .         Reflect  .   (no helmet)
rElec    .         Harm     .   c - +0 cloak
rCorr    .         Rampage  .   (no gloves)
Will     .....     NoTele   +   (no boots)
Stlth    ..........             (no amulet)
HPRegen  0.27/turn              (no ring)
MPRegen  0.15/turn              (no ring)

@: berserking, very quick
A: fangs 1, strong nose, distributed training
a: Renounce Religion


You were in the Dungeon.
You worshipped Dithmenos.
Dithmenos was noncommittal.
You visited 1 branch You collected 414 gold pieces.

Inventory:

Hand Weapons
 a - a +2 dagger
 m - a +1 short sword of draining (weapon)
Missiles
 d - 8 poisoned darts (quivered)
 e - 4 curare-tipped darts
Armour
 b - a +0 robe (worn)
 c - a +0 cloak (worn)
Scrolls
 k - a scroll of blinking
Potions
 f - a potion of curing
 g - a potion of heal wounds
 h - a potion of haste
 i - 2 potions of magic
 l - a potion of mutation {unknown}


   Skills:
 + Level 7.8 Fighting
 + Level 7.8 Short Blades
 + Level 6.2 Long Blades
 + Level 6.2 Axes
 + Level 6.2 Maces & Flails
 + Level 6.2 Polearms
 + Level 6.2 Staves
 + Level 6.2 Slings
 + Level 6.2 Bows
 + Level 6.2 Crossbows
 + Level 7.8 Throwing
 + Level 6.2 Armour
 + Level 6.8 Dodging
 + Level 10.0 Stealth
 + Level 6.2 Shields
 + Level 6.2 Unarmed Combat
 + Level 6.2 Spellcasting
 + Level 5.1 Conjurations
 + Level 5.1 Hexes
 + Level 5.1 Summonings
 + Level 5.1 Necromancy
 + Level 5.1 Translocations
 + Level 5.1 Transmutations
 + Level 5.1 Fire Magic
 + Level 5.1 Ice Magic
 + Level 5.1 Air Magic
 + Level 5.1 Earth Magic
 + Level 5.1 Poison Magic
 + Level 6.8 Invocations
 + Level 6.2 Evocations


You had 19 spell levels left.
You didn't know any spells.
Your spell library was empty.

Dungeon Overview and Level Annotations

Branches:
Dungeon (1/1)

Altars:
Cheibriados
Dithmenos
Elyvilon
Fedhas
Gozag
Hepliaklqana
Kikubaaqudgha
Nemelex Xobeh
Okawaru
Qazlal
Ru
Sif Muna
Trog
Uskayaw
Vehumet
Wu Jian
Yredelemnul
Zin
The Shining One

Shops:
D [


Innate Abilities, Weirdness & Mutations

You have very sharp teeth.
Your uncanny sense of smell can sniff out nearby items.
Your experience applies equally to all skills.


Message History

a +1 short sword of draining; the kobold corpse of Sonja
m - a +1 short sword of draining You sense an unholy aura.
m - a +1 short sword of draining (weapon)
You open the door.
A deep troll comes into view.
Found 108 gold pieces.
There is an open door here.
You see here 27 gold pieces.
The deep troll shouts!
The deep troll bites you but does no damage.
The deep troll claws you! The deep troll barely misses you.
You see here 27 gold pieces.
You hit the deep troll.
The deep troll is lightly wounded.
The deep troll barely misses you. The deep troll misses you.
The deep troll barely misses you.
You barely miss the deep troll. Your bite misses the deep troll.
The deep troll is lightly wounded.
The deep troll closely misses you. The deep troll claws you!
The deep troll closely misses you.
You completely miss the deep troll.
The deep troll is lightly wounded.
The deep troll bites you!!
* * * LOW HITPOINT WARNING * * *
The deep troll barely misses you. x2
A red film seems to cover your vision as you go berserk!
You feel yourself moving faster!
You feel mighty! The deep troll bites you.
* * * LOW HITPOINT WARNING * * *
The deep troll claws you!
* * * LOW HITPOINT WARNING * * *
The deep troll misses you.
You puncture the deep troll!
The deep troll is moderately wounded.
You closely miss the deep troll. Your bite misses the deep troll.
The deep troll is moderately wounded.
You puncture the deep troll! Your bite misses the deep troll.
The deep troll is heavily wounded.
The deep troll bites you!!
You die...

#..#####'#####'#
#..####..#...#.# ∆∆
#..#__####..##[# ∆∆
#..#_____##'#_.+
#⌠⌠#_.∩...'..._# ∆∆
####_..__##_.#+#
∆∆#_____###'#∆ ∆∆∆∆
#########.####+###∆
+...'$@T$$+∆
#.†.####### ##.##
∆#+#∆ ∆∆∆∆∆ ∆∆∆∆∆
∆∆∆∆ ∆∆∆


You could see a deep troll.

Vanquished Creatures
  Sonja (D)
  Sigmund (D)
  A yak (D)
  An ogre (D)
  A jelly (D)
  Ijyb (D)
6 creatures vanquished.

Notes
Turn   | Place    | Note
-------+----------+-------------------------------------------
     0 | D        | Adenis the Gnoll Brigand began the quest for the Orb.
     0 | D        | Reached XP level 1. HP: 20/20 MP: 1/1
     2 | D        | Noticed Ijyb
     6 | D        | Killed Ijyb
     7 | D        | Reached skill level 1 in Long Blades
     7 | D        | Reached skill level 1 in Axes
     7 | D        | Reached skill level 1 in Maces & Flails
     7 | D        | Reached skill level 1 in Polearms
     7 | D        | Reached skill level 1 in Staves
     7 | D        | Reached skill level 1 in Slings
     7 | D        | Reached skill level 1 in Bows
     7 | D        | Reached skill level 1 in Crossbows
     7 | D        | Reached skill level 1 in Armour
     7 | D        | Reached skill level 8 in Stealth
     7 | D        | Reached skill level 1 in Shields
     7 | D        | Reached skill level 1 in Unarmed Combat
     7 | D        | Reached skill level 1 in Spellcasting
     7 | D        | Reached skill level 1 in Conjurations
     7 | D        | Reached skill level 1 in Hexes
     7 | D        | Reached skill level 1 in Summonings
     7 | D        | Reached skill level 1 in Necromancy
     7 | D        | Reached skill level 1 in Translocations
     7 | D        | Reached skill level 1 in Transmutations
     7 | D        | Reached skill level 1 in Fire Magic
     7 | D        | Reached skill level 1 in Ice Magic
     7 | D        | Reached skill level 1 in Air Magic
     7 | D        | Reached skill level 1 in Earth Magic
     7 | D        | Reached skill level 1 in Poison Magic
     7 | D        | Reached skill level 1 in Evocations
     7 | D        | Reached XP level 2. HP: 26/26 MP: 1/4
     7 | D        | Reached XP level 3. HP: 32/32 MP: 1/5
     8 | D        | Noticed an ogre
    12 | D        | Killed an ogre
    13 | D        | Reached skill level 5 in Fighting
    13 | D        | Reached skill level 5 in Short Blades
    13 | D        | Reached skill level 5 in Throwing
    13 | D        | Reached XP level 4. HP: 39/39 MP: 1/8
    14 | D        | Noticed Sigmund
    18 | D        | Killed Sigmund
    19 | D        | Reached skill level 5 in Dodging
    19 | D        | Reached XP level 5. HP: 46/46 MP: 2/11
    19 | D        | Reached XP level 6. HP: 52/52 MP: 2/12
    54 | D        | Found an ornate altar of the Wu Jian Council.
    54 | D        | Found a shimmering blue altar of Sif Muna.
    56 | D        | Found a radiant altar of Vehumet.
    64 | D        | Reached skill level 9 in Stealth
    91 | D        | Found Nyrioc's Antique Armour Emporium.
    91 | D        | Found an ancient bone altar of Kikubaaqudgha.
    91 | D        | Found a hazy altar of Hepliaklqana.
    91 | D        | Found a stormy altar of Qazlal.
    91 | D        | Found a hide-covered altar of Uskayaw.
    91 | D        | Found a blossoming altar of Fedhas.
    91 | D        | Found a bloodstained altar of Trog.
    91 | D        | Found an iron altar of Okawaru.
    91 | D        | Found a basalt altar of Yredelemnul.
    91 | D        | Found a glowing golden altar of the Shining One.
    91 | D        | Found a snail-covered altar of Cheibriados.
    91 | D        | Found a sacrificial altar of Ru.
    91 | D        | Found a glowing silver altar of Zin.
    91 | D        | Found a shadowy altar of Dithmenos.
    91 | D        | Found a white marble altar of Elyvilon.
    91 | D        | Noticed a yak
   119 | D        | Killed a yak
   120 | D        | Reached skill level 5 in Long Blades
   120 | D        | Reached skill level 5 in Axes
   120 | D        | Reached skill level 5 in Maces & Flails
   120 | D        | Reached skill level 5 in Polearms
   120 | D        | Reached skill level 5 in Staves
   120 | D        | Reached skill level 5 in Slings
   120 | D        | Reached skill level 5 in Bows
   120 | D        | Reached skill level 5 in Crossbows
   120 | D        | Reached skill level 5 in Armour
   120 | D        | Reached skill level 5 in Shields
   120 | D        | Reached skill level 5 in Unarmed Combat
   120 | D        | Reached skill level 5 in Spellcasting
   120 | D        | Reached skill level 5 in Invocations
   120 | D        | Reached skill level 5 in Evocations
   120 | D        | Found an opulent altar of Gozag.
   121 | D        | Found a sparkling altar of Nemelex Xobeh.
   129 | D        | Became a worshipper of Dithmenos the Shadowed
   379 | D        | Noticed Sonja
   383 | D        | Killed Sonja
   384 | D        | Reached skill level 10 in Stealth
   384 | D        | Reached skill level 5 in Conjurations
   384 | D        | Reached skill level 5 in Hexes
   384 | D        | Reached skill level 5 in Summonings
   384 | D        | Reached skill level 5 in Necromancy
   384 | D        | Reached skill level 5 in Translocations
   384 | D        | Reached skill level 5 in Transmutations
   384 | D        | Reached skill level 5 in Fire Magic
   384 | D        | Reached skill level 5 in Ice Magic
   384 | D        | Reached skill level 5 in Air Magic
   384 | D        | Reached skill level 5 in Earth Magic
   384 | D        | Reached skill level 5 in Poison Magic
   384 | D        | Reached XP level 7. HP: 61/61 MP: 13/16
   384 | D        | Reached XP level 8. HP: 68/68 MP: 13/17
   400 | D        | Noticed a deep troll
   410 | D        | Demolished by a deep troll

Illustrated notes

Levels and vault maps discovered:
D:        dungeon_sprint_1 [red_sonja_temple_1, red_sonja_temple_small_1]

Skill      XL: |  1  2  3  4  5  6 |
---------------+-------------------+-----
Long Blades    | 1 3 4 6 |  6.2
Axes           | 1 3 4 6 |  6.2
Maces & Flails | 1 3 4 6 |  6.2
Polearms       | 1 3 4 6 |  6.2
Staves         | 1 3 4 6 |  6.2
Slings         | 1 3 4 6 |  6.2
Bows           | 1 3 4 6 |  6.2
Crossbows      | 1 3 4 6 |  6.2
Armour         | 1 3 4 6 |  6.2
Dodging        | 3 4 5 6 |  6.8
Stealth        | 8 10 | 10.0
Shields        | 1 3 4 6 |  6.2
Unarmed Combat | 1 3 4 6 |  6.2
Spellcasting   | 1 3 4 6 |  6.2
Conjurations   | 1 2 3 5 |  5.1
Hexes          | 1 2 3 5 |  5.1
Summonings     | 1 2 3 5 |  5.1
Necromancy     | 1 2 3 5 |  5.1
Translocations | 1 2 3 5 |  5.1
Transmutations | 1 2 3 5 |  5.1
Fire Magic     | 1 2 3 5 |  5.1
Ice Magic      | 1 2 3 5 |  5.1
Air Magic      | 1 2 3 5 |  5.1
Earth Magic    | 1 2 3 5 |  5.1
Poison Magic   | 1 2 3 5 |  5.1
Invocations    | 2 3 4 6 |  6.8
Evocations     | 1 3 4 6 |  6.2
Fighting       | 5 6 7 |  7.8
Short Blades   | 5 6 7 |  7.8
Throwing       | 5 6 7 |  7.8

Action                   |  1- 3 |  4- 6 |  7- 9 || total
-------------------------+-------+-------+-------++-------
Melee: Dagger            |     2 |    35 |       ||    37
       Bite              |       |     4 |       ||     4
       Punch             |       |     1 |       ||     1
       Short sword       |       |       |     6 ||     6
  Use: Potion            |       |       |     1 ||     1
 Stab: Sleeping          |     2 |     2 |       ||     4
Armor: Robe              |       |     2 |     1 ||     3
Dodge: Dodged            |       |    13 |     9 ||    22
